 Dungeon Crawl Stone Soup version 0.20-a0-1078-g4874019 (webtiles) character file.

149 graki42 the Shield-Bearer (level 5, 0/46 HPs)
             Began as a Minotaur Fighter on Apr 30, 2017.
             Killed by divine providence
             ... invoked by an orc priest
              (17 damage)
             ... on level 4 of the Dungeon.
             The game lasted 00:03:50 (2014 turns).

graki42 the Shield-Bearer (Minotaur Fighter)        Turns: 2014, Time: 00:03:51

Health: 0/46       AC:  7    Str: 20    XL:     5   Next: 9%
Magic:  4/4        EV:  8    Int:  6    God:
Gold:   223        SH:  9    Dex: 10    Spells: 4/4 levels left

rFire    . . .     SeeInvis .   a - +0 long sword
rCold    . . .     Gourm    .   c - +0 shield
rNeg     . . .     Faith    .   b - +0 scale mail
rPois    .         Spirit   .   (helmet restricted)
rElec    .         Reflect  .   (no cloak)
rCorr    .         Harm     .   (no gloves)
MR       .....                  (no boots)
Stlth    ..........             (no amulet)
Regen    0.2/turn               (no ring)
MPRegen  0.1/turn               (no ring)

@: no status effects
A: retaliatory headbutt, horns 2
a: no special abilities


You were on level 4 of the Dungeon.
You were not hungry.

You visited 1 branch of the dungeon, and saw 4 of its levels.

You collected 223 gold pieces.

Inventory:

Hand Weapons
 a - a +0 long sword (weapon)
Armour
 b - a +0 scale mail (worn)
 c - a +0 shield (worn)
Wands
 q - a wand of lightning (11/15)
Scrolls
 e - 3 scrolls of identify {unknown}
 g - 6 scrolls of enchant weapon {unknown}
 i - 2 scrolls of blinking {unknown}
 k - 4 scrolls of remove curse {unknown}
 m - a scroll of teleportation {unknown}
 o - a scroll of fear {unknown}
 s - a scroll of magic mapping {unknown}
Potions
 d - 2 potions of might
 h - a potion of ambrosia {unknown}
 j - a potion of curing {unknown}
 l - 2 potions of magic {unknown}
 r - a potion of mutation {unknown}
Comestibles
 f - 3 bread rations
 n - 7 fruits
 p - a meat ration
 t - 3 chunks of flesh


   Skills:
 + Level 4.1 Fighting
 + Level 4.1 Long Blades
 + Level 4.7 Armour
 + Level 0.7 Dodging
 + Level 4.7 Shields


You had 4 spell levels left.
You didn't know any spells.

Dungeon Overview and Level Annotations

Branches:
Dungeon (4/15)
 Temple: D:4-7

Altars:
Ru
Xom


Innate Abilities, Weirdness & Mutations

You reflexively headbutt those who attack you in melee.
You have a pair of horns on your head.


Message History

You are too injured to fight recklessly!
You are too injured to fight recklessly!
You are too injured to fight recklessly!
You are too injured to fight recklessly!
You are too injured to fight recklessly!
You are too injured to fight recklessly!
You are too injured to fight recklessly!
You are too injured to fight recklessly!
You are too injured to fight recklessly!
You are too injured to fight recklessly!
You are too injured to fight recklessly!
You are too injured to fight recklessly!
You are too injured to fight recklessly!
You are too injured to fight recklessly!
You are too injured to fight recklessly!
Unknown command.
You block the orc priest's attack.
The orc priest invokes the aid of Beogh against you.
Beogh smites you!
You die...

#...........######...
######..........†.........
.....#.................#
.....#.....######......#
.....#.....# #......#
######.....# #......#
...........# #oo....##
...........#+####o.oo.....
................@######...
.................# ..
.................# .
.................#
###'##...........#
..†..#...........#
.....#...........#
.....######......# ##...#
#<.....#


You could see an orc priest and 4 orcs.

Vanquished Creatures
  Jessica (D:2)
  A worker ant (D:4)
  3 adders (D:2)
  2 oozes
  A worm (D:2)
  A dart slug (D:1)
  A leopard gecko (D:2)
  An orc (D:3)
  A ball python (D:1)
  A giant cockroach (D:2)
  4 goblins
  8 hobgoblins
  4 jackals (D:3)
  A quokka (D:3)
  11 bats
  5 frilled lizards
  6 kobolds
  10 rats
62 creatures vanquished.

Vanquished Creatures (others)
  5 dream sheep (D:4)
5 creatures vanquished.

Grand Total: 67 creatures vanquished

Notes
Turn   | Place    | Note
-------+----------+-------------------------------------------
     0 | D:1      | graki42 the Minotaur Fighter began the quest for the Orb.
     0 | D:1      | Reached XP level 1. HP: 19/19 MP: 0/0
   104 | D:1      | Reached XP level 2. HP: 27/27 MP: 1/1
   377 | D:2      | Found a sacrificial altar of Ru.
   411 | D:2      | Noticed Jessica
   419 | D:2      | Killed Jessica
   419 | D:2      | Reached XP level 3. HP: 28/33 MP: 2/2
   627 | D:2      | Reached XP level 4. HP: 23/40 MP: 3/3
  1915 | D:4      | Reached XP level 5. HP: 46/46 MP: 4/4
  1975 | D:4      | Found a shimmering altar of Xom.
  1975 | D:4      | Noticed a dream sheep
  1975 | D:4      | Noticed a dream sheep
  1975 | D:4      | Noticed a dream sheep
  1975 | D:4      | Noticed a dream sheep
  1975 | D:4      | Noticed a dream sheep
  1980 | D:4      | Killed a dream sheep
  1980 | D:4      | Killed a dream sheep
  1980 | D:4      | Killed a dream sheep
  1981 | D:4      | Killed a dream sheep
  1981 | D:4      | Killed a dream sheep
  2014 | D:4      | Killed from afar by an orc priest

Vault maps used:
D:1:      enne_arrival_octagon_isle, minmay_pentomino_p2
D:2:      first_bread, nicolae_ru_awakened_eye, uniq_jessica
D:3:      hangedman_abyss_or_decor_lesser_grid, kennysheep_generic_room_11
D:4:      serial_shops, nicolae_shop_overgrown_old_shop, minivault_5,
          kb_xom_exploding_sheep

Skill      XL: |  1  2  3  4 |
---------------+-------------+-----
Armour         | 4 |  4.7
Fighting       | 4 |  4.1
Shields        | 4 |  4.7
Long Blades    | 3 4 |  4.1
Dodging        | |  0.7

Action                   |  1- 3 |  4- 6 || total
-------------------------+-------+-------++-------
Melee: Long sword        |    74 |    63 ||   137
       Headbutt          |     9 |     9 ||    18
  Eat: Chunk             |       |     4 ||     4
Armor: Scale mail        |    30 |    25 ||    55
Dodge: Dodged            |    25 |    29 ||    54
Block: Shield            |    33 |    41 ||    74
       Rpst.: Long sword |    13 |     9 ||    22
